[Event "Titled Tuesday Blitz May 23 Early 2023"]
[White "Demchenko, Anton"]
[Black "Sarana, Alexey"]
[WhiteFideId "4160258"]
[BlackFideId "24133795"]
[WhiteElo "2545"]
[BlackElo "2714"]
[Result "1-0"]
[Round "09"]
[TimeControl "180+2"]
[Date "2023.05.23"]
[WhiteClock "0:00:22"]
[BlackClock "0:00:15"]

1. e4 c5 2. Nc3 d6 3. Bb5+ Bd7 4. a4 Nc6 5. f4 g6 6. Nf3 Bg7 7. O-O Nf6 8. d3 O-O 9. h3 e6 10. Be3 b6 11. Bf2 Ne8 12. d4 Nc7 13. dxc5 dxc5 14. e5 Nxb5 15. axb5 Nb4 16. Bh4 Qc7 17. Qe2 Nd5 18. Ne4 Nxf4 19. Qd2 Nd5 20. Nf6+ Nxf6 21. exf6 Bh8 22. Qh6 c4 23. Ng5 Qc5+ 24. Kh1 Qxg5 25. Qxg5 Rfc8 26. Bf2 Be8 27. Bd4 Rd8 28. c3 Rd5 29. Qg3 Bxb5 30. Rxa7 Rad8 31. Bxb6 Re8 32. Re7 Rf8 33. Bd4 h6 34. Qf4 Rh5 35. Re1 Bc6 36. Kh2 Rg5 37. g4 Ba8 38. Re5 1-0


[Site "https://www.chess.com"]

[Event "Titled Tuesday Blitz May 23 Early 2023"]
[White "Svane, Rasmus"]
[Black "Hakobyan, Aram"]
[WhiteFideId "4657101"]
[BlackFideId "13306677"]
[WhiteElo "2601"]
[BlackElo "2584"]
[Result "0-1"]
[Round "09"]
[TimeControl "180+2"]
[Date "2023.05.23"]
[WhiteClock "0:00:03"]
[BlackClock "0:00:11"]

1. Nf3 g6 2. e4 Bg7 3. d4 Nf6 4. e5 Ne4 5. Bd3 d5 6. Nbd2 Nxd2 7. Bxd2 c5 8. c3 Nc6 9. h3 Qb6 10. Qb3 c4 11. Qxb6 axb6 12. Bc2 b5 13. O-O Bf5 14. Bxf5 gxf5 15. a3 e6 16. Kh2 h5 17. Rae1 Bf8 18. h4 Be7 19. g3 Kd7 20. Kh3 Kc7 21. Re2 Kb6 22. Bg5 Ka5 23. Bxe7 Nxe7 24. Ng5 Rhf8 25. b3 Kb6 26. bxc4 dxc4 27. Ra2 Nd5 28. Rc1 Kc6 29. Nh7 Rh8 30. Ng5 Rhf8 31. Nh7 Rfc8 32. Kg2 Ra4 33. Ng5 Rca8 34. Nxf7 Rxa3 35. Rac2 b4 36. cxb4 b5 37. Nd6 Ra2 38. Nxc4 bxc4 39. Rxc4+ Kd7 40. Rc6 Ke7 41. b5 Rb2 42. Rd6 Raa2 43. Rcc6 Rxf2+ 44. Kg1 Rfb2 45. Rxe6+ Kf7 46. Rf6+ Nxf6 47. Rxf6+ Ke7 48. Rxf5 Rb1+ 49. Rf1 Rxb5 50. Rf2 Rb1+ 51. Kg2 Rbb2 52. Rxb2 Rxb2+ 53. Kf3 Ke6 54. Kf4 Rg2 55. Kf3 Rg1 56. Kf2 Ra1 57. Ke3 Kd5 58. Kf4 Kxd4 59. e6 Re1 60. Kg5 Kd5 61. Kxh5 Kxe6 62. g4 Kf7 63. Kh6 Re6+ 64. Kh7 Re4 65. h5 Rxg4 66. h6 Rh4 67. Kh8 Rxh6# 0-1


[Site "https://www.chess.com"]

[Event "Titled Tuesday Blitz May 23 Early 2023"]
[White "Kramnik, Vladimir"]
[Black "Matlakov, Maxim"]
[WhiteFideId "4101588"]
[BlackFideId "4168003"]
[WhiteElo "2703"]
[BlackElo "2666"]
[Result "1/2-1/2"]
[Round "09"]
[TimeControl "180+2"]
[Date "2023.05.23"]
[WhiteClock "0:00:12"]
[BlackClock "0:00:08"]

1. e4 c5 2. Nf3 e6 3. c3 Nf6 4. e5 Nd5 5. d4 cxd4 6. cxd4 d6 7. Bc4 Be7 8. O-O O-O 9. Qe2 Nc6 10. Rd1 Qc7 11. Bd2 a6 12. Na3 dxe5 13. dxe5 Rd8 14. Rac1 Bd7 15. Nc2 Be8 16. Bxd5 Rxd5 17. Ne3 Rdd8 18. h4 Qb6 19. Nc4 Qb5 20. Qe4 Rd5 21. Bg5 Bf8 22. Nd6 Qxb2 23. Rxd5 exd5 24. Qxd5 h6 25. Bf4 Rd8 26. Re1 Ne7 27. Qxb7 Qxb7 28. Nxb7 Rb8 29. Nd6 Nd5 30. Bg3 Ba4 31. Nxf7 Rb2 32. e6 Rxa2 33. Nd4 Rd2 34. Nf5 Rd1 35. Rxd1 Bxd1 36. Bd6 Bg4 37. Nd4 Bxd6 38. Nxd6 Kf8 39. f3 Bxe6 40. Nxe6+ Ke7 41. Nc5 Kxd6 42. Nxa6 Kc6 43. Kf2 Kb6 44. Nb8 Kc7 45. Na6+ Kb6 46. Nb8 Kc7 47. Na6+ Kb6 1/2-1/2


[Site "https://www.chess.com"]

[Event "Titled Tuesday Blitz May 23 Early 2023"]
[White "Paravyan, David"]
[Black "Sjugirov, Sanan"]
[WhiteFideId "4194985"]
[BlackFideId "4189302"]
[WhiteElo "2563"]
[BlackElo "2569"]
[Result "0-1"]
[Round "09"]
[TimeControl "180+2"]
[Date "2023.05.23"]
[WhiteClock "0:00:00"]
[BlackClock "0:00:33"]

1. e4 c5 2. Nf3 d6 3. d4 cxd4 4. Nxd4 Nf6 5. Nc3 a6 6. Bg5 e6 7. Qd2 Qb6 8. O-O-O Nc6 9. Bxf6 gxf6 10. Nb3 Bd7 11. f4 O-O-O 12. Be2 h5 13. Rhf1 Kb8 14. Rf3 Na5 15. Nxa5 Qxa5 16. Kb1 Bc6 17. Rh3 h4 18. Qe1 f5 19. Rxh4 Be7 20. Rxh8 Rxh8 21. Bd3 fxe4 22. Bxe4 Bxe4 23. Qxe4 Rxh2 24. a3 Bf6 25. Ne2 Qb6 26. c3 d5 27. Qf3 Ka7 28. Ka2 Qc5 29. f5 Qc4+ 30. Ka1 e5 31. Qxd5 Qxd5 32. Rxd5 Rxg2 0-1


[Site "https://www.chess.com"]

[Event "Titled Tuesday Blitz May 23 Early 2023"]
[White "Svane, Frederik"]
[Black "Bacrot, Etienne"]
[WhiteFideId "12923044"]
[BlackFideId "605506"]
[WhiteElo "2502"]
[BlackElo "2672"]
[Result "1-0"]
[Round "09"]
[TimeControl "180+2"]
[Date "2023.05.23"]
[WhiteClock "0:00:02"]
[BlackClock "0:00:00"]

1. g3 d5 2. Nf3 Nf6 3. Bg2 g6 4. b4 Bg7 5. Bb2 O-O 6. O-O a5 7. b5 c5 8. bxc6 Nxc6 9. e3 b5 10. d3 Ba6 11. Nbd2 b4 12. a3 Qd6 13. axb4 axb4 14. Nb3 e5 15. Re1 Nd7 16. Nfd2 Bb5 17. f4 Nb6 18. Nf3 f6 19. Qd2 Na4 20. Rab1 Nxb2 21. Rxb2 exf4 22. gxf4 Rfe8 23. Nbd4 Rab8 24. Nxc6 Bxc6 25. Reb1 d4 26. Nxd4 Bxg2 27. Kxg2 f5 28. Rxb4 Rxb4 29. Rxb4 Bxd4 30. Rxd4 Qc6+ 31. Kg3 Qh1 32. Qf2 Ra8 33. Qg2 Qe1+ 34. Qf2 Qh1 35. Qg2 Qe1+ 36. Kh3 Qxe3+ 37. Kh4 1-0


[Site "https://www.chess.com"]

[Event "Titled Tuesday Blitz May 23 Early 2023"]
[White "Babazada, Khazar"]
[Black "Suyarov, Mukhammadzokhid"]
[WhiteFideId "13413554"]
[BlackFideId "14210495"]
[WhiteElo "2351"]
[BlackElo "2361"]
[Result "1-0"]
[Round "09"]
[TimeControl "180+2"]
[Date "2023.05.23"]
[WhiteClock "0:01:12"]
[BlackClock "0:00:18"]

1. e4 e6 2. d4 d5 3. Nc3 Nf6 4. e5 Nfd7 5. Nce2 c5 6. c3 Nc6 7. Nf3 Qa5 8. a3 Be7 9. Rb1 c4 10. h4 Nb6 11. Nf4 Bd7 12. Nh5 Rg8 13. Qc2 g6 14. Nf6+ Bxf6 15. exf6 h5 16. Bf4 Qa4 17. Qd2 O-O-O 18. Be2 Qb3 19. O-O Be8 20. Qe3 Nd7 21. Rfe1 Nxf6 22. Ne5 Ne4 23. Bxc4 dxc4 24. Qxe4 Rd5 25. Nf3 Ne7 26. Bh2 Rf5 27. d5 Nxd5 28. Nd4 Qa4 29. Nxf5 gxf5 30. Qe5 Kd7 31. Rbd1 Qc6 32. Rd2 f6 33. Rxd5+ exd5 34. Qe7+ Kc8 35. Re6 Qd7 36. Qc5+ Kd8 37. Rd6 Rg7 38. Rxd7+ Rxd7 39. Qxa7 d4 40. cxd4 Bf7 41. Qc5 Bd5 42. Bd6 Ke8 43. Qxd5 1-0


[Site "https://www.chess.com"]

[Event "Titled Tuesday Blitz May 23 Early 2023"]
[White "Averjanov, Alexey"]
[Black "Durarbayli, Vasif"]
[WhiteFideId "14109867"]
[BlackFideId "13402935"]
[WhiteElo "2789"]
[BlackElo "2551"]
[Result "1/2-1/2"]
[Round "09"]
[TimeControl "180+2"]
[Date "2023.05.23"]
[WhiteClock "0:00:03"]
[BlackClock "0:00:02"]

1. d4 Nf6 2. c4 e6 3. Nf3 b6 4. g3 Bb7 5. Bg2 Be7 6. O-O O-O 7. b3 c5 8. Bb2 cxd4 9. Nxd4 Bxg2 10. Kxg2 d5 11. cxd5 Qxd5+ 12. Nf3 Qb7 13. e3 Nc6 14. Qe2 Rfd8 15. Nbd2 Nb4 16. Kg1 Rac8 17. a3 Nd3 18. Bd4 Nc5 19. Rac1 Nd5 20. Rc2 Nd7 21. Rxc8 Rxc8 22. b4 h6 23. Nb3 Nc3 24. Bxc3 Rxc3 25. Nfd2 Ne5 26. Rc1 Qc6 27. Qd1 Rxc1 28. Qxc1 Qd7 29. Qc2 f5 30. Nd4 Bf6 31. N2f3 Nf7 32. Qc4 e5 33. Qc6 Qxc6 34. Nxc6 a6 35. Nb8 a5 36. bxa5 bxa5 37. a4 e4 38. Nd2 Nd6 39. Nc6 Bc3 40. Nb3 Kf7 41. Nbxa5 Ke6 42. Nb3 Kd5 43. Ncd4 Kc4 44. Kg2 Kb4 45. a5 Bxd4 46. Nxd4 Kxa5 47. Ne6 g6 48. Nf8 g5 49. Ne6 Kb6 50. h3 Kc6 51. g4 Kd5 52. gxf5 Nxf5 53. Nd8 Nd6 54. f3 h5 55. fxe4+ Kxe4 56. Kf2 Kd5 57. Kf3 Ke5 58. e4 Nxe4 59. Nf7+ Kf5 60. Nh6+ Ke5 61. Nf7+ Kf5 62. Nh6+ Ke5 63. Nf7+ 1/2-1/2


[Site "https://www.chess.com"]

[Event "Titled Tuesday Blitz May 23 Early 2023"]
[White "Karthik Venkataraman"]
[Black "Martinez Alcantara, Jose Eduardo"]
[WhiteFideId "25006479"]
[BlackFideId "3805662"]
[WhiteElo "2419"]
[BlackElo "2711"]
[Result "1/2-1/2"]
[Round "09"]
[TimeControl "180+2"]
[Date "2023.05.23"]
[WhiteClock "0:00:13"]
[BlackClock "0:00:07"]

1. Nf3 c5 2. g3 Nc6 3. Bg2 g6 4. O-O Bg7 5. c3 e5 6. e4 Nge7 7. d3 O-O 8. Be3 d6 9. Na3 h6 10. Qd2 Kh7 11. d4 cxd4 12. cxd4 Bg4 13. d5 Bxf3 14. Bxf3 Nd4 15. Bg2 Rc8 16. Rac1 Qb6 17. Nc4 Qa6 18. b3 b5 19. Na5 Rxc1 20. Rxc1 Rc8 21. Rxc8 Qxc8 22. h3 h5 23. Kh2 Qc7 24. b4 Nc8 25. Qc1 Qd7 26. a3 Nb6 27. Bf1 f5 28. Bd3 fxe4 29. Bxe4 Qf7 30. Qd1 Kg8 31. Qd3 Kh7 32. Nc6 Nf5 33. Nd8 Qf6 34. Ne6 Nxe3 35. Qxe3 Bh6 36. Qe2 Nc4 37. Kg2 h4 38. Qg4 hxg3 39. Qxg3 a6 40. Qf3 Bf4 41. Qg4 Bh6 42. h4 Nd2 43. Bd3 e4 44. Bxe4 Nxe4 45. Qxe4 Bc1 46. h5 Kh6 47. hxg6 Qxg6+ 48. Qxg6+ Kxg6 49. Nc7 Bxa3 50. Nxa6 Kf5 51. Kf3 Ke5 52. Nc7 Bxb4 53. Nxb5 Kxd5 54. Ke2 Kc6 55. Nd4+ Kc5 56. Nc2 Bc3 57. Kd3 Be5 58. f3 Bf4 59. Ne1 Kd5 60. Ng2 Bh6 61. Nh4 Ke5 62. Ng2 d5 63. Ne3 Bxe3 64. Kxe3 d4+ 65. Kd3 Kf4 66. Kxd4 Kxf3 1/2-1/2


[Site "https://www.chess.com"]

[Event "Titled Tuesday Blitz May 23 Early 2023"]
[White "Madaminov, Mukhiddin"]
[Black "Pranav Anand"]
[WhiteFideId "14210703"]
[BlackFideId "46626786"]
[WhiteElo "2511"]
[BlackElo "2389"]
[Result "0-1"]
[Round "09"]
[TimeControl "180+2"]
[Date "2023.05.23"]
[WhiteClock "0:00:00"]
[BlackClock "0:00:32"]

1. d4 Nf6 2. Nc3 d5 3. Bf4 a6 4. e3 b5 5. Nf3 Bb7 6. a4 b4 7. Na2 e6 8. c3 bxc3 9. Nxc3 Nbd7 10. Bd3 c5 11. O-O cxd4 12. exd4 Be7 13. Qb3 Qb6 14. Qxb6 Nxb6 15. a5 Nbd7 16. Na4 O-O 17. b4 Bc6 18. Nc5 Nh5 19. Be3 Bxc5 20. bxc5 Nhf6 21. Bf4 Ne4 22. Rfb1 f6 23. Nd2 Nc3 24. Re1 Rfe8 25. Bd6 e5 26. f3 Nb5 27. Bxb5 Bxb5 28. dxe5 fxe5 29. Kf2 Rac8 30. Rac1 Kf7 31. h4 Kf6 32. g4 Nb8 33. Bxb8 Rxb8 34. c6 Rbc8 35. c7 Re7 36. Rc5 Ke6 37. f4 Kd6 38. Rc3 e4 39. Rec1 d4 40. Nc4+ Ke6 41. Nb6 dxc3 42. Nxc8 Rxc7 43. Nb6 c2 44. Ke3 Bd3 45. Kd4 Rc6 46. f5+ Kf6 47. Nd5+ Kf7 48. Nb4 Rc4+ 49. Ke5 Rxb4 50. g5 Rb5+ 51. Kf4 Rb1 52. g6+ hxg6 53. fxg6+ Kxg6 54. h5+ Kf7 0-1


[Site "https://www.chess.com"]

[Event "Titled Tuesday Blitz May 23 Early 2023"]
[White "Zhigalko, Sergei"]
[Black "Sattarov, Bobir"]
[WhiteFideId "13502956"]
[BlackFideId "14203081"]
[WhiteElo "2626"]
[BlackElo "2351"]
[Result "0-1"]
[Round "09"]
[TimeControl "180+2"]
[Date "2023.05.23"]
[WhiteClock "0:00:00"]
[BlackClock "0:00:58"]

1. e4 e5 2. Nf3 Nc6 3. Bc4 Bc5 4. b4 Bxb4 5. c3 Bd6 6. d4 Qf6 7. O-O h6 8. Re1 Nge7 9. Be3 O-O 10. Nbd2 Ng6 11. Nf1 b6 12. Ng3 Bb7 13. Qd2 exd4 14. cxd4 Bb4 15. Qc2 Bxe1 16. Rxe1 Nh4 17. Nxh4 Qxh4 18. Nf5 Qh5 19. f3 Rae8 20. g4 Qg6 21. h4 h5 22. Kh2 d5 23. Rg1 dxc4 24. gxh5 Qxh5 25. Rg5 Qxf3 26. Nxg7 Kh8 0-1


[Site "https://www.chess.com"]

[Event "Titled Tuesday Blitz May 23 Early 2023"]
[White "Zakhartsov, Vladimir"]
[Black "Kilic, Eray"]
[WhiteFideId "4145097"]
[BlackFideId "44517173"]
[WhiteElo "2495"]
[BlackElo "2328"]
[Result "1-0"]
[Round "09"]
[TimeControl "180+2"]
[Date "2023.05.23"]
[WhiteClock "0:00:02"]
[BlackClock "0:00:08"]

1. e4 c5 2. Nf3 d6 3. g3 Nc6 4. Bg2 g6 5. O-O Bg7 6. c3 Nf6 7. Qe2 O-O 8. h3 e5 9. Rd1 Re8 10. d3 d5 11. Nbd2 h6 12. a3 Be6 13. b4 cxb4 14. axb4 a6 15. Bb2 Rc8 16. Nb3 d4 17. Nc5 dxc3 18. Bxc3 Qb6 19. Nxe5 Nxe5 20. Bxe5 Qxb4 21. d4 Bc4 22. Qe3 Bb5 23. Rdb1 Qxc5 24. dxc5 Rxe5 25. Rc1 Nd7 26. Bf1 Bxf1 27. Kxf1 Nxc5 28. Ra5 b6 29. Rxa6 Rce8 30. Rxb6 Nxe4 31. Rbc6 Rd5 32. Rc8 Re5 33. Rxe8+ Rxe8 34. Kg2 Kh7 35. Re1 f5 36. f3 Nf6 37. Qxe8 Nxe8 38. Rxe8 Bf6 39. Rb8 Kg7 40. Rb7+ Kg8 41. g4 fxg4 42. hxg4 Be5 43. Kf2 Bf4 44. Ke2 h5 45. gxh5 gxh5 46. Kd3 h4 47. Ke4 Bg3 48. Kf5 h3 49. Kg6 h2 50. Rg7+ Kf8 51. Rh7 Kg8 52. Rh3 Bc7 53. Kf5 h1=Q 54. Rxh1 1-0


[Site "https://www.chess.com"]

[Event "Titled Tuesday Blitz May 23 Early 2023"]
[White "Fernandez Guillen, Ernesto J."]
[Black "Narayanan, Srinath"]
[WhiteFideId "3512428"]
[BlackFideId "5018420"]
[WhiteElo "2429"]
[BlackElo "2438"]
[Result "1-0"]
[Round "09"]
[TimeControl "180+2"]
[Date "2023.05.23"]
[WhiteClock "0:00:12"]
[BlackClock "0:00:02"]

1. e4 c6 2. d4 d5 3. e5 c5 4. dxc5 Nc6 5. a4 Nxe5 6. b4 Ng6 7. Bb2 a5 8. b5 e5 9. Ba3 Nf6 10. c4 d4 11. Nd2 e4 12. f3 e3 13. Nb3 b6 14. Qxd4 Qxd4 15. Nxd4 bxc5 16. Nb3 Nd7 17. Bd3 Nf4 18. Be4 Rb8 19. g3 Ne6 20. Nxa5 Nd4 21. O-O-O Be7 22. Nc6 Ra8 23. Nxd4 Rxa4 24. Nc2 Ne5 25. Bb2 Nxc4 26. Bxg7 Bg5 27. Ne2 Rg8 28. Bc3 Ke7 29. f4 Bf6 30. Bxf6+ Kxf6 31. Nc3 Ra5 32. Bd3 Nd2 33. Nxe3 Nb3+ 34. Kb2 Nd4 35. Ned5+ Kg7 36. f5 Bb7 37. Rhe1 Bxd5 38. Nxd5 Nxb5 39. Bxb5 Rxb5+ 40. Kc2 Ra8 41. Nc3 Rb4 42. Rd7 Rc4 43. Ree7 Ra3 44. Re3 Kf6 45. Rd5 Kg7 46. Kb2 Ra7 47. Rde5 Rb7+ 48. Kc2 Ra7 49. Re7 Ra3 50. Rd7 Kf6 51. Kb2 Ra6 52. Ree7 Kxf5 53. Rxf7+ Kg4 54. Rxh7 Rb6+ 55. Kc2 Ra6 56. Rh4+ 1-0


[Site "https://www.chess.com"]

[Event "Titled Tuesday Blitz May 23 Early 2023"]
[White "Tatarinov, Dmitry"]
[Black "Drygalov, Andrey"]
[WhiteFideId "24160067"]
[BlackFideId "24171735"]
[WhiteElo "2326"]
[BlackElo "2466"]
[Result "0-1"]
[Round "09"]
[TimeControl "180+2"]
[Date "2023.05.23"]
[WhiteClock "0:00:00"]
[BlackClock "0:01:07"]

1. c4 Nf6 2. Nf3 e6 3. g3 d5 4. Bg2 dxc4 5. O-O c6 6. Ne5 Qd4 7. Nf3 Qc5 8. b3 cxb3 9. axb3 Qb6 10. Na3 Be7 11. Nc4 Qd8 12. Qc2 c5 13. d4 cxd4 14. Rd1 Nc6 15. Bb2 Bd7 16. Nxd4 Qc8 17. Nb5 O-O 18. Nbd6 Qc7 19. Nb5 Qc8 20. Nbd6 Qb8 21. Ne4 Nd5 22. Nc3 Ncb4 23. Qb1 Bc6 0-1


[Site "https://www.chess.com"]

[Event "Titled Tuesday Blitz May 23 Early 2023"]
[White "Fridman, Daniel"]
[Black "Kaczur, Florian"]
[WhiteFideId "11600454"]
[BlackFideId "705098"]
[WhiteElo "2525"]
[BlackElo "2485"]
[Result "1-0"]
[Round "09"]
[TimeControl "180+2"]
[Date "2023.05.23"]
[WhiteClock "0:00:40"]
[BlackClock "0:00:15"]

1. d4 Nf6 2. Nf3 c6 3. c4 d6 4. g3 Nbd7 5. Nc3 e5 6. Bg2 Be7 7. O-O O-O 8. e4 a6 9. a3 b5 10. Qc2 bxc4 11. dxe5 Nxe5 12. Nxe5 dxe5 13. Rd1 Qc7 14. Na4 Bg4 15. f3 Qa7+ 16. Qf2 Be6 17. Be3 Qb7 18. Nb6 Rad8 19. Rdc1 Rd3 20. Nxc4 Qc7 21. b4 Rfd8 22. Bf1 Bxc4 23. Rxc4 Rd1 24. Rxd1 Rxd1 25. Qc2 Qd7 26. Rxc6 h6 27. Rc7 Qd6 28. Rc8+ Kh7 29. Bc5 Qd7 30. Bxe7 Ra1 31. Rc7 Qd4+ 32. Qf2 Qd3 33. Bxf6 gxf6 34. Kg2 Qxa3 35. Bc4 Qc1 36. Kh3 Rb1 37. Rxf7+ Kg6 38. Qa7 Kh5 39. Rg7 Qxc4 40. g4# 1-0


[Site "https://www.chess.com"]

[Event "Titled Tuesday Blitz May 23 Early 2023"]
[White "Papasimakopoulos, Alexandros"]
[Black "Quesada Perez, Yuniesky"]
[WhiteFideId "4244125"]
[BlackFideId "3504409"]
[WhiteElo "2359"]
[BlackElo "2585"]
[Result "1-0"]
[Round "09"]
[TimeControl "180+2"]
[Date "2023.05.23"]
[WhiteClock "0:00:10"]
[BlackClock "0:00:00"]

1. d4 d5 2. c4 c6 3. cxd5 cxd5 4. Bf4 Nc6 5. e3 Nf6 6. Nc3 a6 7. Bd3 Bg4 8. Nge2 e6 9. O-O Bd6 10. f3 Bh5 11. Rc1 O-O 12. Na4 e5 13. dxe5 Bxe5 14. Qb3 Qe7 15. Rfe1 Rfe8 16. Nc5 Rab8 17. Bb1 Bg6 18. Bxg6 hxg6 19. Nd3 Bd6 20. Bxd6 Qxd6 21. Nd4 Na5 22. Qc3 Nc4 23. Nf2 Rbc8 24. b3 Nb6 25. Qd2 Nbd7 26. Nd3 Ne5 27. Nxe5 Qxe5 28. Rxc8 Rxc8 29. Rc1 Re8 30. Rc3 g5 31. h3 g6 32. Ne2 Nd7 33. Qd4 Qe6 34. Kf2 Ne5 35. Qd2 Qf5 36. Nd4 Qd7 37. Qc2 Re7 38. Rc8+ Kg7 39. Rb8 Nc6 40. Nxc6 bxc6 41. Qc3+ f6 42. Rb6 Re6 43. Rxa6 Qc7 44. Qc5 Qe5 45. Qd4 Qd6 46. Qa7+ Kh6 47. Qa8 Kg7 48. Ra7+ Re7 49. Rxe7+ Qxe7 50. Qxc6 Qe5 51. Qc2 Qa1 52. Qd2 f5 53. b4 Kh6 54. b5 Qb1 55. a4 Qb3 56. Qd4 Kh7 57. b6 Qc2+ 58. Kg3 Qb3 59. Kh2 Qb1 60. a5 Qb5 61. f4 gxf4 62. exf4 1-0


[Site "https://www.chess.com"]

[Event "Titled Tuesday Blitz May 23 Early 2023"]
[White "Timofeev, Artyom"]
[Black "Matinian, Nikita"]
[WhiteFideId "4140419"]
[BlackFideId "24129100"]
[WhiteElo "2586"]
[BlackElo "2422"]
[Result "0-1"]
[Round "09"]
[TimeControl "180+2"]
[Date "2023.05.23"]
[WhiteClock "0:00:17"]
[BlackClock "0:00:17"]

1. c4 e5 2. d3 f5 3. Nc3 Nc6 4. g3 Nf6 5. Bg2 Bb4 6. Bd2 Bxc3 7. Bxc3 d6 8. Nf3 O-O 9. O-O Qe8 10. b4 Qh5 11. b5 Nd8 12. e3 f4 13. exf4 exf4 14. Bxf6 Rxf6 15. Nd2 Bg4 16. f3 Rh6 17. h4 Bd7 18. Qe1 Ne6 19. g4 Qxh4 20. Qxh4 Rxh4 21. Nb3 h5 22. gxh5 Kf7 23. d4 Rh8 24. d5 Ng5 25. Kf2 R4xh5 26. Rh1 Rxh1 27. Rxh1 Rxh1 28. Bxh1 b6 29. Bg2 Kf6 30. Bf1 Ke5 31. Nc1 Bf5 32. Bd3 Nf7 33. Ke2 g5 34. Bxf5 Kxf5 35. Nb3 Ne5 36. Nd4+ Kf6 37. Ne6 Nxc4 38. Nxc7 Ke5 39. Ne6 Na3 40. Nxg5 Nxb5 41. Kd3 Kxd5 42. Ne4 Ke5 43. Nd2 d5 44. Nb3 a5 45. a4 Nd6 46. Nd4 Nc4 47. Kc3 Kd6 48. Kb3 Ne5 49. Kc3 Nc6 50. Nb5+ Kc5 51. Nc7 d4+ 52. Kd2 Ne5 53. Ne6+ Kc4 54. Ke2 d3+ 55. Kf2 Kc3 56. Nxf4 d2 57. Nd5+ Kc2 58. Ne3+ Kc1 59. f4 Ng4+ 60. Nxg4 d1=Q 0-1


[Site "https://www.chess.com"]

[Event "Titled Tuesday Blitz May 23 Early 2023"]
[White "Stoleriu, George"]
[Black "Sychev, Klementy"]
[WhiteFideId "1227505"]
[BlackFideId "4114060"]
[WhiteElo "2308"]
[BlackElo "2583"]
[Result "0-1"]
[Round "09"]
[TimeControl "180+2"]
[Date "2023.05.23"]
[WhiteClock "0:00:01"]
[BlackClock "0:00:05"]

1. e4 e5 2. Nf3 Nc6 3. Bb5 a6 4. Ba4 f5 5. d3 fxe4 6. dxe4 Nf6 7. O-O d6 8. Bxc6+ bxc6 9. Qd3 a5 10. c4 Be7 11. Nc3 O-O 12. Ne1 Nh5 13. Nc2 Be6 14. b3 Qe8 15. Ne2 Qg6 16. Ng3 Nf4 17. Bxf4 exf4 18. Nf5 Rxf5 19. exf5 Bxf5 20. Qe2 Bf6 21. Rac1 Re8 22. Qf3 Be4 23. Qh3 Bxc2 24. Rfe1 Be5 25. Qf3 Rf8 26. Re2 Bd3 27. Ree1 c5 28. Rcd1 Bc2 29. Rd2 Bf5 30. h3 h5 31. Rde2 Bd7 32. Qd5+ Be6 33. Qf3 Bf5 34. Rd1 Rf7 35. Rde1 Kh7 36. Rd1 Bd7 37. Kh1 Qh6 38. Qe4+ Bf5 39. Qf3 Bg4 40. Qe4+ Kh8 41. f3 Bf5 42. Qd5 Qg6 43. Rg1 Rf8 44. Qd1 Qg3 45. Qe1 Qg5 46. Qf2 Qg6 47. Qh4 Kh7 48. Rge1 Bd7 49. Rd1 Bc6 50. Rde1 Rf5 51. Kh2 Rg5 52. Rd1 Bd7 53. Rde1 Bf5 54. Rxe5 dxe5 55. Rxe5 Qf6 56. Rxc5 Rxg2+ 57. Kxg2 Qxh4 0-1


[Site "https://www.chess.com"]

[Event "Titled Tuesday Blitz May 23 Early 2023"]
[White "Zhu, Jiner"]
[Black "Beerdsen, Thomas"]
[WhiteFideId "8608059"]
[BlackFideId "1030108"]
[WhiteElo "2384"]
[BlackElo "2549"]
[Result "1-0"]
[Round "09"]
[TimeControl "180+2"]
[Date "2023.05.23"]
[WhiteClock "0:00:14"]
[BlackClock "0:01:10"]

1. c4 Nf6 2. Nc3 c6 3. e4 d6 4. d4 g6 5. Be2 a6 6. a4 Bg7 7. f4 O-O 8. Nf3 Bg4 9. O-O Nbd7 10. Be3 e5 11. fxe5 dxe5 12. d5 Rc8 13. h3 Bxf3 14. Bxf3 Qa5 15. Rb1 Qb4 16. Qe2 Nb6 17. Rfc1 Nxc4 18. Na2 Qb3 19. Rxc4 Qxa2 20. Rbc1 Rfd8 21. R1c3 b5 22. axb5 axb5 23. Rxc6 Rxc6 24. dxc6 b4 25. Rc1 Rc8 26. Qd2 Qb3 27. Kh2 h5 28. Bg1 Kh7 29. c7 Bh6 30. Qd8 Bxc1 31. Qxc8 Bf4+ 32. Kh1 Qc4 33. Qd8 Qf1 34. c8=Q Be3 35. Qh8# 1-0


[Site "https://www.chess.com"]

[Event "Titled Tuesday Blitz May 23 Early 2023"]
[White "Hayrapetyan, Hovik"]
[Black "Al-Tarboush, Ward"]
[WhiteFideId "13302639"]
[BlackFideId "7601450"]
[WhiteElo "2348"]
[BlackElo "2265"]
[Result "1-0"]
[Round "09"]
[TimeControl "180+2"]
[Date "2023.05.23"]
[WhiteClock "0:00:29"]
[BlackClock "0:00:39"]

1. d4 Nf6 2. c4 b6 3. Nc3 Bb7 4. Nf3 e6 5. g3 Be7 6. Bg2 O-O 7. O-O Ne4 8. Qd3 Nxc3 9. bxc3 f5 10. Ne5 Bxg2 11. Kxg2 Bf6 12. Ba3 d6 13. Qf3 Nd7 14. Nc6 Qe8 15. e4 Qg6 16. e5 Bg5 17. exd6 cxd6 18. Bxd6 Rfc8 19. Rfe1 h6 20. Re2 Qe8 21. d5 e5 22. Bxe5 Qf7 23. h4 Bf6 24. Bxf6 Nxf6 25. Ne7+ Kh8 26. Nxc8 Rxc8 27. Qxf5 Rxc4 28. d6 Rxc3 29. Rd1 Qc4 30. d7 Qc6+ 31. Kh2 1-0


[Site "https://www.chess.com"]

[Event "Titled Tuesday Blitz May 23 Early 2023"]
[White "Tasev, Dejan"]
[Black "Dubov, Daniil"]
[WhiteFideId "936618"]
[BlackFideId "24126055"]
[WhiteElo "2244"]
[BlackElo "2793"]
[Result "0-1"]
[Round "09"]
[TimeControl "180+2"]
[Date "2023.05.23"]
[WhiteClock "0:00:00"]
[BlackClock "0:01:33"]

1. e4 g6 2. d4 d6 3. Nc3 Bg7 4. Nge2 Nf6 5. f3 O-O 6. Be3 Nc6 7. Qd2 Rb8 8. h4 b5 9. h5 Nxh5 10. Bh6 e5 11. Bxg7 Kxg7 12. g4 exd4 13. Nd5 Ne5 14. Kf2 Bxg4 15. fxg4 Nxg4+ 16. Ke1 c6 17. Qxd4+ Ne5 18. Rxh5 gxh5 19. Ne3 Qf6 20. Nf5+ Kh8 21. Kd1 d5 22. Bg2 dxe4 23. Qxe4 Rbd8+ 24. Ke1 Rfe8 25. Rd1 Nd3+ 26. cxd3 Rxe4 27. dxe4 Rxd1+ 28. Kxd1 Qxb2 0-1


[Site "https://www.chess.com"]

[Event "Titled Tuesday Blitz May 23 Early 2023"]
[White "Cordova, Emilio"]
[Black "Prohaszka, Peter"]
[WhiteFideId "3801497"]
[BlackFideId "726265"]
[WhiteElo "2607"]
[BlackElo "2626"]
[Result "1-0"]
[Round "09"]
[TimeControl "180+2"]
[Date "2023.05.23"]
[WhiteClock "0:00:36"]
[BlackClock "0:00:00"]

1. d4 d5 2. Bg5 Bf5 3. e3 c6 4. Bd3 Bg6 5. f4 Qc8 6. Nf3 Nf6 7. O-O e6 8. f5 Bh5 9. Bxf6 gxf6 10. Qe1 Bxf3 11. Rxf3 e5 12. e4 Nd7 13. exd5 cxd5 14. c4 dxc4 15. Be4 Qc7 16. Nc3 O-O-O 17. Nd5 Qd6 18. Qa5 exd4 19. Rc1 Ne5 20. Rb3 Kb8 21. Rxb7+ Kxb7 22. Ne7+ Kb8 23. Nc6+ Nxc6 24. Qb5+ Kc7 25. Rxc4 Rb8 26. Rxc6+ Kd8 27. Qa5+ Rb6 28. Rxd6+ Bxd6 29. Qxa7 Rb8 30. Bc6 Bc7 31. Qxd4+ Ke7 32. Qc5+ Bd6 33. Qa7+ Kf8 34. Bd5 1-0


[Site "https://www.chess.com"]

[Event "Titled Tuesday Blitz May 23 Early 2023"]
[White "MKlose11"]
[Black "Galchenko, Matvey"]
[BlackFideId "24175480"]
[WhiteElo "2685"]
[BlackElo "2423"]
[Result "0-1"]
[Round "09"]
[TimeControl "180+2"]
[Date "2023.05.23"]
[WhiteClock "0:00:03"]
[BlackClock "0:00:10"]

1. e4 e6 2. Nf3 d5 3. e5 c5 4. b4 cxb4 5. a3 Nc6 6. d4 Bd7 7. Bd3 b5 8. O-O Qb6 9. Be3 bxa3 10. Nxa3 Na5 11. Qe2 Nc4 12. Nb1 Ne7 13. Nbd2 Nc6 14. Rfb1 Qc7 15. Nb3 Be7 16. Bg5 Bxg5 17. Nxg5 a5 18. c3 h6 19. Qh5 Nd8 20. Nc5 Nxe5 21. Bxb5 Nec6 22. Re1 O-O 23. Bd3 Ne7 24. Nh7 Re8 25. Nf6+ gxf6 26. Qxh6 f5 27. Re3 Ng6 28. Rg3 Bc8 29. Rh3 Qd6 30. Re1 e5 31. Rf1 e4 32. Bb5 Re7 33. Rh5 Qf6 34. Qh7+ Kf8 35. Qh6+ Qg7 36. Qg5 Raa7 37. Re1 Ne6 38. Nxe6+ Bxe6 39. Qg3 Rab7 40. Bc6 Rb2 41. Qd6 Kg8 42. Qd8+ Qf8 43. Qd6 a4 44. Qg3 a3 45. Qh3 Qg7 46. Qg3 a2 47. h4 Rb1 48. Kh2 Rxe1 49. Qb8+ Nf8 50. Qa8 a1=Q 51. Qxf8+ Kxf8 52. Rg5 Rh1+ 53. Kg3 f4+ 54. Kxf4 Qc1+ 55. Kg3 Qgxg5+ 56. hxg5 Qxg5# 0-1


[Site "https://www.chess.com"]